 Dungeon Crawl Stone Soup version 0.17-a0-702-gb3a3556 (webtiles) character file.

110 laxity the Changer (level 4, -1/38 HPs)
             Began as a Naga Transmuter on Apr 19, 2015.
             Slain by a worm (11 damage)
             ... on level 2 of the Dungeon.
             The game lasted 00:07:45 (3938 turns).

laxity the Changer (Naga Transmuter)                Turns: 3938, Time: 00:07:45

Health: -1/38      AC:  2    Str: 12    XL:     4   Next: 91%
Magic:  3/7        EV:  9    Int: 15    God:
Gold:   207        SH:  0    Dex: 11    Spells: 2 memorised, 3 levels left

rFire  . . .     SeeInvis +       - Unarmed
rCold  . . .     Clarity  .     c - +0 robe
rNeg   . . .     SustAb   .     (no shield)
rPois  +         Gourm    .     (no helmet)
rElec  .         Spirit   .     (no cloak)
rCorr  .         Warding  .     (no gloves)
rMut   .         Stasis   .     (no barding)
MR     .....                    (no amulet)
Stlth  +.........               (no ring)
                                (no ring)

@: very slightly contaminated, drained, very slow, not resistant to hostile
enchantments, very unstealthy
A: see invisible, deformed body, poison resistance, slowness 2, spit poison 2,
AC +1
a: Spit Poison


You were on level 2 of the Dungeon.
You were not hungry.

You visited 1 branch of the dungeon, and saw 3 of its levels.

You collected 207 gold pieces.

Inventory:

Missiles
 b - 32 arrows
 j - 11 poisoned arrows
Armour
 c - a +0 robe (worn)
Scrolls
 a - a scroll of recharging {unknown}
 e - a scroll of amnesia {unknown}
 h - 5 scrolls of identify
 i - a scroll of enchant weapon {unknown}
 k - a scroll of remove curse
Potions
 g - 3 potions of haste
Books
 d - a book of Changes

   Spells                             Type                      Level
   a - Beastly Appendage              Transmutation                1
   b - Sticks to Snakes               Transmutation                2
   c - Spider Form                    Transmutation/Poison         3
   d - Ice Form                       Ice/Transmutation            4
   e - Blade Hands                    Transmutation                5


   Skills:
 - Level 1.0(0.2) Fighting
 - Level 1.5(0.8) Dodging
 - Level 3.0(2.2) Unarmed Combat
 - Level 2.0(1.2) Spellcasting
 + Level 4.9(4.0) Transmutations


You had 3 spell levels left.
You knew the following spells:

 Your Spells              Type           Power        Failure   Level  Hunger
a - Beastly Appendage     Trmt           ##....       6%          1    ##.....
b - Spider Form           Trmt/Pois      #.........   34%         3    ####...


Dungeon Overview and Level Annotations

Branches:
Dungeon (3/15)

Altars:


Innate Abilities, Weirdness & Mutations

You cannot wear boots.
Your serpentine skin is tough (AC +1).
You have supernaturally acute eyesight.
Armour fits poorly on your strangely shaped body.
Your system is resistant to poisons.
You cover ground very slowly.
You can spit poison.


Message History

You barely miss the worm.
The worm is lightly wounded.
You hit the worm but do no damage.
The worm is lightly wounded.
The worm bites you.
You hit the worm but do no damage.
The worm is lightly wounded.
The worm bites you!
You hit the worm.
The worm is moderately wounded.
You hit the worm.
The worm is heavily wounded.
The worm bites you!
* * * LOW HITPOINT WARNING * * *
Drink which item? (? for menu, Esc to quit)
You feel better.
You hit the worm but do no damage.
The worm is moderately wounded.
The worm bites you!
You die...

###############
............<..
#.#########.... #.#
#######.### # ####.#
#<#.....###
#.##....###.#......).
#....................
####@#.....##........
#w#.###.##........
..#.# #.##........
...#'# ..##........
....... ..##.#......
........##.##.###....
####..... #.##.# .(..
#..... #....# ###


You could see a worm.

Vanquished Creatures
  4 adders
  2 worms
  2 giant geckos
  4 orcs (D:3)
  A ball python (D:1)
  7 bats
  4 giant cockroaches
  9 hobgoblins
  2 giant newts
  11 goblins
  7 kobolds
  6 rats
59 creatures vanquished.

Notes
Turn   | Place    | Note
--------------------------------------------------------------
     0 | D:1      | laxity, the Naga Transmuter, began the quest for the Orb.
     0 | D:1      | Reached XP level 1. HP: 18/18 MP: 3/3
   325 | D:1      | Reached XP level 2. HP: 13/25 MP: 5/5
  1459 | D:1      | Reached XP level 3. HP: 28/31 MP: 6/6
  1464 | D:1      | Learned a level 3 spell: Spider Form
  2498 | D:3      | Reached skill level 4 in Transmutations
  2524 | D:3      | Reached XP level 4. HP: 34/38 MP: 3/7
  3938 | D:2      | Slain by a worm

Action                   |  1- 3 |  4- 6 || total
-------------------------+-------+-------++-------
Melee: Unarmed           |   171 |   141 ||   312
 Cast: Spider Form       |     1 |     8 ||     9
       Beastly Appendage |     1 |     1 ||     2
  Use: Scroll            |     6 |     1 ||     7
       Potion            |     2 |     1 ||     3
  Eat: Chunk             |     3 |     5 ||     8
       Bread ration      |     1 |       ||     1
